 Dungeon Sprint DCSS version 0.27-a0-203-gd48b2df3c9 (webtiles) character file.

Game seed: 9130603772575320562

19968 mhtbhm the Ninja (level 12, -12/94 HPs)
             Began as a Spriggan Brigand on Jan 31, 2021.
             Was the Champion of Dithmenos.
             Mangled by a spriggan defender
             ... wielding a +1 vorpal flail
              (16 damage)
             ... in the Dungeon (Sprint IV: "Fedhas' Mad Dash").
             The game lasted 00:08:54 (2791 turns).

mhtbhm the Ninja (Spriggan Brigand)                 Turns: 2791, Time: 00:08:54

Health: -12/94     AC:  3    Str: 13    XL:     12   Next: 41%
Magic:  18/18      EV: 25    Int: 14    God:    Dithmenos [******]
Gold:   324        SH:  0    Dex: 21    Spells: 11/11 levels left

rFire    . . .     SeeInvis +   a - +2 dagger
rCold    + + .     Faith    .   (shield restricted)
rNeg     . . .     Spirit   .   b - +0 robe
rPois    .         Reflect  .   (helmet restricted)
rElec    .         Harm     .   c - +0 cloak
rCorr    .         Rampage  .   (gloves unavailable)
Will     ++...     NoTele   +   (boots unavailable)
Stlth    ..........             m - amulet of invisibility {+Inv}
HPRegen  0.25/turn              p - ring "Weverrea" {Wiz rC++}
MPRegen  0.16/turn              r - +6 ring of strength

@: mighty, berserking, slightly contaminated, wreathed by umbra, very quick
A: very small, unfitting armour, see invisible, speed 3
a: Renounce Religion, Evoke Invisibility, Shadow Step, Shadow Form


You were in the Dungeon.
You worshipped Dithmenos.
Dithmenos was exalted by your worship.
You visited 1 branch You collected 402 gold pieces.
You spent 78 gold pieces at shops.

Inventory:

Hand Weapons
 a - a +2 dagger (weapon)
Missiles
 d - 7 poisoned darts (quivered)
Armour
 b - a +0 robe (worn)
 c - a +0 cloak (worn)
Jewellery
 m - the amulet of invisibility (around neck) {+Inv}
   (You found it in the Dungeon)

   [amulet of nothing]

   It lets you turn invisible.
 p - the ring "Weverrea" (left hand) {Wiz rC++}
   (You found it in the Dungeon)

   [ring of wizardry]

   It improves your spell success rate.
   It greatly protects you from cold.
 q - the amulet of Xarazxew {rC++ Regen+ Str+6 Slay-2}
   (You found it in the Dungeon)

   [amulet of regeneration]

   It affects your strength (+6).
   It affects your accuracy and damage with ranged weapons and melee attacks
   (-2).
   It greatly protects you from cold.
   It increases your rate of regeneration.
 r - a +6 ring of strength (right hand)
Scrolls
 n - a scroll of enchant weapon
 o - 3 scrolls of summoning {unknown}
Potions
 f - a potion of curing
 g - a potion of heal wounds
 i - 2 potions of magic
 l - a potion of ambrosia {unknown}


   Skills:
 + Level 7.2 Fighting
 + Level 12.2 Short Blades
 + Level 11.9 Throwing
 + Level 8.3 Dodging
 O Level 27 Stealth
 + Level 7.2 Invocations
 + Level 19.4 Evocations


You had 11 spell levels left.
You didn't know any spells.
Your spell library contained the following spells:

 Spells                   Type           Power        Failure   Level
 Animate Skeleton         Necr           0%           12%         1
 Apportation              Tloc           0%           12%         1
 Corona                   Hex            0%           12%         1
 Magic Dart               Conj           0%           12%         1
 Shock                    Conj/Air       0%           12%         1
 Summon Small Mammal      Summ           0%           12%         1
 Blink                    Tloc           N/A          17%         2
 Call Imp                 Summ           0%           17%         2
 Slow                     Hex            0%           17%         2
 Swiftness                Air            0%           17%         2
 Conjure Flame            Conj/Fire      0%           32%         3
 Mephitic Cloud           Conj/Pois/Air  0%           32%         3
 Static Discharge         Conj/Air       0%           32%         3
 Airstrike                Air            0%           71%         4
 Lightning Bolt           Conj/Air       0%           95%         5


Dungeon Overview and Level Annotations

Branches:
Dungeon (1/1)

Altars:
Cheibriados
Dithmenos
Elyvilon
Gozag
Hepliaklqana
Kikubaaqudgha
Makhleb
Nemelex Xobeh
Okawaru
Qazlal
Ru
Sif Muna
Trog
Uskayaw
Vehumet
Wu Jian
Xom
Yredelemnul
Zin
The Shining One
Beogh
Jiyva
Lugonu

Shops:
D }*[**[!(*:*[}[(:(


Innate Abilities, Weirdness & Mutations

You are very small and have problems with some larger weapons.
You are too small for most types of armour.
You have supernaturally acute eyesight. (SInv)
You cover ground extremely quickly.


Message History

The spriggan defender blocks your attack.
The spriggan defender is moderately wounded.
You puncture the spriggan defender!
The spriggan defender is heavily wounded.
The spriggan defender completely misses you.
The spriggan defender blocks your attack.
The spriggan defender is heavily wounded.
Your shadow hits the spriggan defender but does no damage.
The spriggan defender blocks your attack.
The spriggan defender is heavily wounded.
The spriggan defender barely misses you.
You closely miss the spriggan defender.
The spriggan defender is heavily wounded.
You hit the spriggan defender.
The spriggan defender is heavily wounded.
The spriggan defender blocks your shadow's attack.
You closely miss the spriggan defender.
The spriggan defender is heavily wounded.
The spriggan defender hits you with a +1 vorpal flail!
You die...

..♣..♣..######♣♣♣♣♣..♣[###.'..'..
###'######..'......♣..♣##..#..#.P
....'......)#♣..♣♣♣.♣).###)##)##.
..###.......#.♣♣.[♣...♣'...#♣.♣##
############################.....
...................# ###..♣..♣.
..............§§§P§#####.).♣.....
.........)....§§§P§.........♣.)..
..............§i@P§..############
#######'############## ####### ##
#..........# ###..#####..P∩∩###.
#.......P..# #.)..'........[##..
###.P.i..### #....#####P....'...
###..§## ##....# ##########
#....####.....#####∩∩∩#.....
#.............'.(..∩.∩'.(...
#.............#####∩∩∩#.....


You could see a spriggan defender.

Vanquished Creatures
  Agnes (D)
  A ghost moth (D)
  2 spriggan defenders (D)
  2 spriggan berserkers (D)
  A spriggan druid (D)
  23 oklob plants (D)
  3 demonic crawlers (D)
  A wandering mushroom (D)
  2 burning bushes (D)
  A queen bee (D)
  6 hornets (D)
  6 spriggans (D)
  4 killer bees (D)
  5 oklob saplings (D)
  2 worker ants (D)
  A river rat (D)
  A rat (D)
  2 ballistomycete spores (D)
64 creatures vanquished.

Vanquished Creatures (others)
  A fungus (D)
1 creature vanquished.

Grand Total: 65 creatures vanquished

Notes
Turn   | Place    | Note
-------+----------+-------------------------------------------
     0 | D        | mhtbhm the Spriggan Brigand began the quest for the Orb.
     0 | D        | Reached XP level 1. HP: 10/10 MP: 2/2
    10 | D        | Reached skill level 8 in Stealth
    10 | D        | Reached XP level 2. HP: 15/15 MP: 3/3
    23 | D        | Noticed an oklob sapling
    25 | D        | Killed an oklob sapling
    26 | D        | Reached skill level 10 in Stealth
    26 | D        | Reached XP level 3. HP: 18/18 MP: 4/4
    29 | D        | Found the amulet of invisibility {+Inv}
    31 | D        | Reached skill level 11 in Stealth
    53 | D        | Found an opulent altar of Gozag.
    53 | D        | Found a hazy altar of Hepliaklqana.
    53 | D        | Found a burning altar of Makhleb.
    53 | D        | Found a roughly hewn altar of Beogh.
    53 | D        | Found a sparkling altar of Nemelex Xobeh.
    53 | D        | Found a snail-covered altar of Cheibriados.
    53 | D        | Found a sacrificial altar of Ru.
    53 | D        | Found a shimmering blue altar of Sif Muna.
    53 | D        | Found a shimmering altar of Xom.
    53 | D        | Found a basalt altar of Yredelemnul.
    54 | D        | Found a viscous altar of Jiyva.
    54 | D        | Found a bloodstained altar of Trog.
    54 | D        | Found an ornate altar of the Wu Jian Council.
    54 | D        | Noticed an oklob sapling priest
    55 | D        | Found an iron altar of Okawaru.
    55 | D        | Found a shadowy altar of Dithmenos.
    55 | D        | Found a glowing silver altar of Zin.
    56 | D        | Found an ancient bone altar of Kikubaaqudgha.
    56 | D        | Found a hide-covered altar of Uskayaw.
    57 | D        | Found a stormy altar of Qazlal.
    57 | D        | Found a white marble altar of Elyvilon.
    57 | D        | Found a glowing golden altar of the Shining One.
    58 | D        | Found a corrupted altar of Lugonu.
    58 | D        | Found a radiant altar of Vehumet.
    61 | D        | Killed an oklob sapling priest
    62 | D        | Reached skill level 13 in Stealth
    62 | D        | Reached XP level 4. HP: 23/23 MP: 2/5
    64 | D        | Became a worshipper of Dithmenos the Shadowed
   108 | D        | Reached skill level 1 in Evocations
   108 | D        | Reached XP level 5. HP: 27/27 MP: 3/6
   179 | D        | Reached skill level 14 in Stealth
   250 | D        | Noticed a queen bee
   257 | D        | Killed a queen bee
   257 | D        | Reached * piety under Dithmenos
   258 | D        | Reached skill level 17 in Stealth
   258 | D        | Reached skill level 5 in Evocations
   258 | D        | Reached XP level 6. HP: 32/32 MP: 4/7
   260 | D        | Reached skill level 5 in Short Blades
   261 | D        | Reached ** piety under Dithmenos
   262 | D        | Reached skill level 18 in Stealth
   263 | D        | Reached XP level 7. HP: 36/36 MP: 4/8
   264 | D        | Noticed an oklob plant
   267 | D        | Killed an oklob plant
   268 | D        | Reached skill level 20 in Stealth
   301 | D        | Noticed a burning bush
   304 | D        | Killed a burning bush
   305 | D        | Reached XP level 8. HP: 42/42 MP: 9/9
   306 | D        | Got a coiled tin ring
   311 | D        | Identified the ring "Weverrea" {Wiz rC++} (You found it in
                  | the Dungeon)
   320 | D        | Noticed a burning bush
   320 | D        | Noticed an oklob plant
   321 | D        | Noticed a wandering mushroom
   322 | D        | Killed a burning bush
   322 | D        | Reached *** piety under Dithmenos
   323 | D        | Reached skill level 21 in Stealth
   336 | D        | Killed an oklob plant
   337 | D        | Reached skill level 22 in Stealth
   337 | D        | Killed a wandering mushroom
   338 | D        | Reached skill level 10 in Evocations
   338 | D        | Reached XP level 9. HP: 45/45 MP: 8/10
   491 | D        | Noticed a spriggan druid
   492 | D        | Killed a spriggan druid
   492 | D        | Reached **** piety under Dithmenos
   493 | D        | Reached skill level 23 in Stealth
   504 | D        | Noticed an oklob plant conjurer
   505 | D        | Killed an oklob plant conjurer
   506 | D        | Reached skill level 24 in Stealth
   571 | D        | Noticed an oklob plant
   571 | D        | Noticed an oklob plant summoner
   572 | D        | Noticed an oklob plant shifter
   576 | D        | Killed an oklob plant
   579 | D        | Killed an oklob plant summoner
   581 | D        | Killed an oklob plant shifter
   581 | D        | Reached ***** piety under Dithmenos
   582 | D        | Reached skill level 25 in Stealth
   588 | D        | Noticed a demonic crawler
   590 | D        | Killed a demonic crawler
   591 | D        | Reached XP level 10. HP: 49/49 MP: 9/11
   633 | D        | Noticed a spriggan rider
   634 | D        | Found Wikiperu's Weapon Shoppe.
   634 | D        | Found Hatas's Book Emporium.
  1016 | D        | Noticed Agnes
  1102 | D        | Found Oteisuf's Armour Emporium.
  1102 | D        | Found Qemiem's Antique Weapon Shoppe.
  1103 | D        | Killed Agnes
  1104 | D        | Reached skill level 5 in Throwing
  1104 | D        | Reached skill level 26 in Stealth
  1104 | D        | Noticed a spriggan defender
  1110 | D        | Noticed a spriggan berserker
  1120 | D        | Reached skill level 27 in Stealth
  1120 | D        | Reached skill level 1 in Invocations
  1377 | D        | Killed a spriggan berserker
  1422 | D        | Killed a spriggan defender
  1423 | D        | Reached skill level 5 in Fighting
  1423 | D        | Reached skill level 10 in Short Blades
  1423 | D        | Reached XP level 11. HP: 51/55 MP: 8/13
  1506 | D        | Noticed a spriggan rider
  1510 | D        | Killed a spriggan rider
  1511 | D        | Reached skill level 5 in Dodging
  1535 | D        | Noticed a ghost moth
  1678 | D        | Found Erustrai's Gadget Shoppe.
  1678 | D        | Found Alunk's Assorted Antiques.
  1678 | D        | Found Peamnu's Armour Emporium.
  1681 | D        | Killed a ghost moth
  1682 | D        | Reached skill level 15 in Evocations
  1979 | D        | Noticed an oklob plant shifter
  1979 | D        | Noticed an oklob plant meteorologist
  1983 | D        | Killed an oklob plant meteorologist
  1991 | D        | Killed an oklob plant shifter
  2082 | D        | Noticed a spriggan rider
  2087 | D        | Killed a spriggan rider
  2088 | D        | Reached skill level 10 in Throwing
  2088 | D        | Reached ****** piety under Dithmenos
  2190 | D        | Found Niaren's General Store.
  2190 | D        | Found Keplikh's Armour Boutique.
  2190 | D        | Found Darghut's Assorted Antiques.
  2190 | D        | Found Matiunge's Antique Weapon Emporium.
  2190 | D        | Found Kogig's Distillery.
  2191 | D        | Found Yloaclim's Book Emporium.
  2191 | D        | Found Xyarghus's General Store.
  2191 | D        | Found Huvvonk's General Store.
  2207 | D        | Bought a potion of might for 52 gold pieces
  2207 | D        | Bought a scroll of identify for 26 gold pieces
  2226 | D        | Noticed an oklob plant summoner
  2227 | D        | Found Paolif's Armour Emporium.
  2227 | D        | Found Orecaec's Gadget Shop.
  2228 | D        | Killed an oklob plant summoner
  2231 | D        | Noticed an oklob plant demonologist
  2231 | D        | Noticed an oklob plant annihilator
  2232 | D        | Noticed a spriggan berserker
  2233 | D        | Killed a spriggan berserker
  2234 | D        | Reached skill level 5 in Invocations
  2234 | D        | Killed an oklob plant demonologist
  2235 | D        | Killed an oklob plant annihilator
  2241 | D        | Got a faintly glowing copper amulet
  2325 | D        | Identified the amulet of Xarazxew {rC++ Regen+ Str+6
                  | Slay-2} (You found it in the Dungeon)
  2378 | D        | Noticed an oklob plant
  2378 | D        | Noticed an oklob plant
  2378 | D        | Noticed an oklob plant
  2378 | D        | Noticed an oklob plant
  2378 | D        | Noticed an oklob plant
  2378 | D        | Noticed an oklob plant
  2379 | D        | Noticed an oklob plant
  2380 | D        | Killed an oklob plant
  2381 | D        | Noticed an oklob plant
  2382 | D        | Killed an oklob plant
  2383 | D        | Noticed an oklob plant
  2384 | D        | Killed an oklob plant
  2385 | D        | Reached XP level 12. HP: 62/62 MP: 14/17
  2706 | D        | Noticed a spriggan defender
  2706 | D        | Noticed a spriggan defender
  2708 | D        | Killed a spriggan defender
  2783 | D        | HP: 4/94 [spriggan defender/+1 vorpal flail (2)]
  2791 | D        | Mangled by a spriggan defender

Illustrated notes

Levels and vault maps discovered:
D:        dungeon_sprint_fedhas [sprint_temple]

Skill      XL: |  1  2  3  4  5  6  7  8  9 10 11 12 |
---------------+-------------------------------------+-----
Stealth        | 8 10 13 17 18 20 22 25 27 | 27.0
Fighting       | 2 3 4 5 6 7 |  7.2
Short Blades   | 3 4 5 6 7 8 10 11 12 | 12.2
Throwing       | 3 4 7 10 11 | 11.9
Evocations     | 1 5 6 8 10 12 14 17 19 | 19.4
Dodging        | 4 7 8 |  8.3
Invocations    | 2 5 7 |  7.2

Action                   |  1- 3 |  4- 6 |  7- 9 | 10-12 || total
-------------------------+-------+-------+-------+-------++-------
Melee: Dagger            |     6 |    11 |    20 |   107 ||   144
Throw: Dart              |     1 |       |       |    19 ||    20
Invok: Shadow Step       |       |       |       |    11 ||    11
 Abil: Evoke Invisibilit |     1 |     3 |     2 |     7 ||    13
  Use: Potion            |       |       |       |     3 ||     3
       Scroll            |       |       |       |     3 ||     3
 Stab: Sleeping          |     4 |     5 |    12 |    31 ||    52
       Invisible         |       |     2 |     2 |     1 ||     5
Armor: Robe              |       |       |       |     3 ||     3
Dodge: Dodged            |       |       |       |    23 ||    23

Table legend: (Time is in decaauts)
 A = Elapsed time spent in this place.
 B = Non-inter-level travel time spent in this place.
 C = Inter-level travel time spent in this place.
 D = Time resting spent in this place.
 E = Time spent auto-exploring this place.
 F = Levels seen in this place.
 G = Mean time per level.
                   A        B        C        D        E       F      G
               +--------+--------+--------+--------+--------+-----+--------+
         Total |   2436 |   2436 |      0 |   1760 |     17 |   1 | 2436.0 |
       Dungeon |   2436 |   2436 |      0 |   1760 |     17 |   1 | 2436.0 |
               +--------+--------+--------+--------+--------+-----+--------+

Top non-repeatable levels by time:
       D: 2436 daAuts
